 Seeded DCSS version 0.30-a0-900-g23479c02f2 (webtiles) character file.

Game seed: 17906827012690515480 (custom seed)

1126 bmack86 the Chopper (level 8, 0/70 HPs)
             Began as a Minotaur Fighter on Mar 18, 2023.
             Slain by an iguana (5 damage)
             ... on level 6 of the Dungeon.
             The game lasted 00:10:36 (4812 turns).

bmack86 the Chopper (Minotaur Fighter)              Turns: 4812, Time: 00:10:36

Health: 0/70       AC: 12    Str: 23    XL:     8   Next: 13%
Magic:  0/7        EV:  7    Int:  5    God:
Gold:   141        SH:  6    Dex: 16    Spells: 7/7 levels left

rFire   . . .      SeeInvis +    a - +5 war axe
rCold   . . .      Faith    .    c - +0 buckler
rNeg    + . .      Spirit   +    z - +2 chain mail {rN+}
rPois   .          Reflect  .    (helmet restricted)
rElec   .          Rampage  .    (no cloak)
rCorr   .                        (no gloves)
Will    .....                    (no boots) Stlth
                                 C - amulet of guardian spirit
HPRegen 0.31/turn                g - ring of see invisible
MPRegen 0.10/turn                r - +6 ring of dexterity

@: lethally poisoned (0 -> -4), slowed, very slow
A: horns 2, retaliatory headbutt
a: no special abilities


You were on level 6 of the Dungeon.
You visited 2 branches of the dungeon, and saw 7 of its levels.

You collected 195 gold pieces.
You spent 54 gold pieces at shops.

Inventory:

Hand Weapons
 a - a +5 war axe (weapon)
Missiles
 m - 2 throwing nets
 t - 2 javelins
 u - 7 poisoned darts (quivered)
Armour
 b - a +0 scale mail
 c - a +0 buckler (worn)
 z - a +2 chain mail of positive energy (worn)
Jewellery
 e - a +6 ring of intelligence
 g - a ring of see invisible (left hand)
 j - a ring of ice
 r - a +6 ring of dexterity (right hand)
 C - an amulet of guardian spirit (around neck)
Wands
 l - a wand of paralysis (5)
 p - a wand of polymorph (7)
 B - a wand of light (12)
Scrolls
 i - 2 scrolls of teleportation {unknown}
 n - a scroll of poison {unknown}
 o - a scroll of fog {unknown}
 q - 3 scrolls of amnesia {unknown}
 x - a scroll of magic mapping {unknown}
 y - a scroll of butterflies {unknown}
 D - a scroll of immolation {unknown}
Potions
 d - 3 potions of might
 f - 2 potions of lignification {unknown}
 h - a potion of brilliance {unknown}
 k - 2 potions of curing
 s - 3 potions of attraction
 v - 2 potions of cancellation
 w - a potion of heal wounds {unknown}
 A - a potion of resistance {unknown}


   Skills:
 + Level 6.0 Fighting
 * Level 7.2 Axes
 + Level 3.2 Throwing
 + Level 5.9 Armour
 + Level 5.9 Shields


You had 7 spell levels left.
You didn't know any spells.
Your spell library was empty.

Dungeon Overview and Level Annotations

Branches:
Dungeon (6/15)             Temple (1/1) D:5

Altars:
Ashenzari
Cheibriados
Dithmenos
Elyvilon
Hepliaklqana
Kikubaaqudgha
Makhleb
Nemelex Xobeh
Sif Muna
Trog
Uskayaw
Xom
Yredelemnul
Zin
The Shining One

Shops:
D:2 **


Innate Abilities, Weirdness & Mutations

You have a pair of horns on your head.
You reflexively headbutt those who attack you in melee.


Message History

You closely miss the kobold. You barely miss the water moccasin.
You closely miss the kobold.
You feel very sick.
The iguana hisses angrily.
The water moccasin bites you but does no damage.
The kobold completely misses you. You furiously retaliate!
You headbutt the kobold.
You kill the kobold!
You block the kobold's attack. The water moccasin bites you.
* * * LOW HITPOINT WARNING * * *
You are lethally poisoned!
The water moccasin poisons you!
The kobold hits you with a +0 short sword.
* * * LOW HITPOINT WARNING * * *
You feel better.
The water moccasin bites you but does no damage.
A gnoll comes into view. It is wielding a +0 flail.
The kobold barely misses you. The water moccasin bites you.
* * * LOW HITPOINT WARNING * * *
The scorpion stings you.
* * * LOW HITPOINT WARNING * * *
You are poisoned.
The scorpion poisons you!
You closely miss the water moccasin.
The gnoll shouts!
You headbutt the water moccasin.
The water moccasin is lightly wounded.
You barely miss the scorpion. You slash the kobold!
You kill the kobold!
* * * LOW HITPOINT WARNING * * *
You feel very sick.
You hear a shout!
The water moccasin bites you.
* * * LOW HITPOINT WARNING * * *
An adder comes into view.
The scorpion closely misses you. The water moccasin barely misses you.
The scorpion stings you but does no damage.
A gnoll sergeant comes into view. It is wielding a +0 spear.
The iguana bites you!
You die...

#. . .! ##.###.
..## ...... ....
....# ...#
#S#.##...##
#...#......
#..)......
#####S@l....#
###...).s#....#
#...............
.....##.##.#####g#
. ...# ##.##... g
.. .# #..###..#
...### ##)## ..#
#....##..# ..#
####..)..##.##.#


You could see a water moccasin, a gnoll sergeant, a scorpion, an iguana, a gnoll
and an adder.

Vanquished Creatures
  A steam dragon (D:4)
  2 ogres
  A kobold brigand (D:6)
  3 scorpions
  A hound (D:5)
  A jelly (D:4)
  3 orc priests (D:5)
  3 iguanas
  5 orc wizards
  5 gnolls
  6 adders
  An ufetubus (D:4)
  5 dart slugs
  21 orcs
  4 bats
  10 endoplasms
  A giant cockroach (D:1)
  6 hobgoblins
  5 jackals
  5 quokkas
  8 ball pythons
  3 frilled lizards
  7 goblins
  14 kobolds
  5 rats
126 creatures vanquished.

Vanquished Creatures (others)
  An iguana (D:4)
  An endoplasm (D:4)
  A goblin (D:4)
  2 hobgoblins (D:4)
5 creatures vanquished.

Grand Total: 131 creatures vanquished

Notes
Turn   | Place    | Note
-------+----------+-------------------------------------------
     0 | D:1      | bmack86 the Minotaur Fighter began the quest for the Orb.
     0 | D:1      | Reached XP level 1. HP: 19/19 MP: 0/0
    72 | D:1      | Reached XP level 2. HP: 17/27 MP: 1/1
   272 | D:1      | Reached skill level 3 in Axes
   658 | D:1      | Reached XP level 3. HP: 33/33 MP: 2/2
  1109 | D:2      | Found Ydaaz's General Store.
  1154 | D:2      | Found a burning altar of Makhleb.
  1399 | D:2      | Reached XP level 4. HP: 40/40 MP: 3/3
  1508 | D:2      | Found Woofeo's Assorted Antiques.
  1514 | D:2      | Bought a scroll labelled VUYNON ETUL for 27 gold pieces
  1514 | D:2      | Bought a scroll labelled VUYNON ETUL for 27 gold pieces
  1838 | D:3      | Reached skill level 4 in Axes
  1916 | D:3      | Found a sparkling altar of Nemelex Xobeh.
  2133 | D:3      | Reached skill level 1 in Throwing
  2133 | D:3      | Reached XP level 5. HP: 24/47 MP: 4/4
  2894 | D:4      | Noticed a steam dragon
  2904 | D:4      | Killed a steam dragon
  2905 | D:4      | Reached XP level 6. HP: 22/55 MP: 5/5
  2958 | D:4      | Found a shadowy altar of Dithmenos.
  2970 | D:4      | Reached skill level 5 in Axes
  3176 | D:4      | Found a glowing golden altar of the Shining One.
  3336 | D:4      | Reached skill level 5 in Fighting
  3367 | D:4      | Found a shimmering altar of Xom.
  3377 | D:4      | Reached skill level 5 in Shields
  3541 | D:4      | Reached skill level 5 in Armour
  3885 | D:5      | Entered Level 5 of the Dungeon
  3910 | D:5      | Reached XP level 7. HP: 61/61 MP: 6/6
  3923 | D:5      | Found a staircase to the Ecumenical Temple.
  3941 | Temple   | Entered the Ecumenical Temple
  4045 | D:5      | Reached skill level 6 in Axes
  4306 | D:5      | Identified the +0 robe of Saohergh {Harm rElec rN++ Stlth-}
  4794 | D:6      | Reached skill level 7 in Axes
  4794 | D:6      | Reached XP level 8. HP: 70/70 MP: 7/7
  4812 | D:6      | Slain by an iguana

Illustrated notes

Levels and vault maps discovered:
D:1:      lemuel_arrival_funnel, layout_loops_corners
D:2:      layout_basic, basic_altar, serial_shops, shop_statue, shop,
          minmay_tromino_v4_a
D:3:      layout_basic, nemelex_xobeh_ov_fountains_minmay,
          chequers_serial_rivers_small_b, grunt_ministairs_1,
          grunt_decor_arrowhead
D:4:      layout_loops_ring, xom_confusion_cloud, mainiacjoe_overflow_24_doors,
          nicolae_dithmenos_shadow_blocks
D:5:      layout_gridville, minmay_temple_entry_drinking_statues
D:6:      layout_rooms, okawaru_gym_becter
Temple:   nicolae_temple_great_sept

Skill      XL: |  1  2  3  4  5  6  7  8 |
---------------+-------------------------+-----
Axes           | 3 4 5 7 |  7.2
Fighting       | 4 5 6 |  6.0
Armour         | 4 5 |  5.9
Shields        | 4 5 |  5.9
Throwing       | 1 2 3 |  3.2

Action                     |  1- 3 |  4- 6 |  7- 9 || total
---------------------------+-------+-------+-------++-------
  Melee: War axe           |    83 |   106 |    55 ||   244
         Headbutt          |     7 |    14 |    10 ||    31
  Throw: Dart              |       |     2 |     2 ||     4
    Use: Scroll            |       |       |     8 ||     8
         Potion            |       |       |     2 ||     2
 Armour: Scale mail        |    40 |    31 |       ||    71
         Chain mail        |       |    12 |    35 ||    47
  Dodge: Dodged            |    50 |    42 |    17 ||   109
  Block: Buckler           |    29 |    33 |    13 ||    75

Table legend: (Time is in decaauts)
 A = Elapsed time spent in this place.
 B = Non-inter-level travel time spent in this place.
 C = Inter-level travel time spent in this place.
 D = Time resting spent in this place.
 E = Time spent auto-exploring this place.
 F = Levels seen in this place.
 G = Mean time per level.
                   A        B        C        D        E       F      G
               +--------+--------+--------+--------+--------+-----+--------+
         Total |   4892 |   4720 |    172 |    136 |   3375 |   7 |  698.9 |
       Dungeon |   4829 |   4657 |    172 |    136 |   3332 |   6 |  804.8 |
        Temple |     63 |     63 |      0 |      0 |     43 |   1 |   63.0 |
               +--------+--------+--------+--------+--------+-----+--------+

Top non-repeatable levels by time:
     D:3: 1070 daAuts
     D:4: 1065 daAuts
     D:1: 959 daAuts
     D:2: 851 daAuts
     D:5: 848 daAuts
  Temple: 63 daAuts
     D:6: 34 daAuts
